 Dungeon Crawl Stone Soup version 0.30.0-10-gfe55d96785 (webtiles) character file.

Game seed: 13013646309746227001

80 qw the Chopper (level 4, -4/28 HPs)
             Began as a Gargoyle Cinder Acolyte on May 17, 2023.
             Was a High Priest of Ignis.
             Slain by an ogre
             ... wielding a +0 giant spiked club
              (13 damage)
             ... on level 4 of the Dungeon.
             The game lasted 00:01:09 (2803 turns).

qw the Chopper (Gargoyle Cinder Acolyte)            Turns: 2803, Time: 00:01:09

Health: -4/28      AC: 15    Str: 20    XL:     4   Next: 39%
Magic:  5/5        EV: 15    Int: 14    God:    Ignis [*****.]
Gold:   156        SH:  0    Dex:  3    Spells: 5/5 levels left

rFire   + . .        j - +0 hand axe of Experimentation {heavy, rPois rC++ Dex-2}
rCold   + + .        (no shield)
rNeg    + . .        k - +0 ring mail
rPois   inf          (no helmet)
rElec   +            (no cloak)
rCorr   .            (no gloves)
SInv    .            (no boots)
Will    .....        (no amulet) Stlth
                     i - +5 ring of evasion
HPRegen 0.24/turn    (no ring)
MPRegen 0.09/turn

%: no passive effects
@: fiery-armoured
A: sickness immunity, AC +3, negative energy resistance 1, electricity
resistance, torment resistance 1, petrification resistance, talons 1
a: Renounce Religion, Fiery Armour, Foxfire Swarm, Rising Flame


You were on level 4 of the Dungeon.
You worshipped Ignis.
Ignis was extremely pleased with you.
You visited 1 branch of the dungeon, and saw 4 of its levels.

You collected 260 gold pieces.
You spent 104 gold pieces at shops.


Innate Abilities, Weirdness & Mutations

You are immune to sickness and miasma.
Your stone body is resilient. (AC +3)
You are immune to poison.
You resist negative energy. (rN+)
You are resistant to electric shocks. (rElec)
You are resistant to unholy torment.
You are immune to petrification.
You have sharp toenails.


   Skills:
 - Level 3.2 Fighting
 + Level 4.4 Axes
 - Level 1.0 Armour
 - Level 1.0 Spellcasting
 - Level 3.0 Fire Magic


You had 5 spell levels left.
You didn't know any spells.
Your spell library contained the following spells:

 Spells                   Type           Power      Damage    Failure   Level
 Scorch                   Fire           18%        2d5       19%         2

Inventory:

Hand Weapons
 b - a -1 hand axe of flaming
 j - the +0 hand axe of Experimentation (weapon) {heavy, rPois rC++ Dex-2}
   (You found it on level 2 of the Dungeon)

   Dex:       It affects your dexterity (-2).
   rC:        It greatly protects you from cold.
   rPois:     It protects you from poison.
 m - a +0 hand axe of electrocution
Armour
 k - a +0 ring mail (worn)
Jewellery
 i - a +5 ring of evasion (left hand)
Scrolls
 a - 2 scrolls of teleportation
 f - 3 scrolls of identify
Potions
 c - 2 potions of might
 e - 4 potions of curing
 g - 2 potions of heal wounds
 h - a potion of mutation
 n - a potion of haste

Dungeon Overview and Level Annotations

Branches:
Dungeon (4/15)
 Temple: D:4-7

Altars:
Cheibriados
Okawaru

Shops:
D:3 *


Message History

There is a stone staircase leading up here.
Waypoint 3 assigned to D:4.
A giant cockroach comes into view.
Found a dagger.
The giant cockroach moves out of view.
Found 11 gold pieces.
You slash the giant cockroach!
You kill the giant cockroach!
You see here a +0 dagger.
You now have 156 gold pieces (gained 11).
You open the door.
An adder comes into view.
Found an escape hatch in the floor.
You slash the adder!
You kill the adder!
There is an open door, spattered with blood here.
There is an escape hatch in the floor here.
A worm comes into view.
Found a scroll of poison.
Found a stone staircase leading down.
You hit the worm.
The worm is lightly wounded.
You completely miss the worm.
The worm is lightly wounded.
The worm bites you.
You hit the worm. You claw the worm.
The worm is heavily wounded.
The worm closely misses you.
You slash the worm!
You kill the worm!
You start resting.
HP restored.
An ogre comes into view. It is wielding a +0 giant spiked club.
You slash the ogre!
The ogre is moderately wounded.
The ogre hits you with a +0 giant spiked club!!
Ouch! That really hurt!
You hear an angry hiss.
2803 ||| INVOKING Fiery Armour.
A protective cloak of flame settles atop you.
The ogre hits you with a +0 giant spiked club!
You die...

#.#. #### .... ...># #.#
..... ..# ...... ..#
....?.######### ..+
......O.......# ..#
#+#..@......# ###
#.#.........##
#.#####......#
############.##.........+
........................#
#########.##.##.#.......#
#########....##.#.#######
...#.....>.#.##.#.#
...'.......#.##.#.#


You could see an ogre.

Vanquished Creatures
  2 adders
  2 worms
  2 dart slugs (D:3)
  7 endoplasms
  4 giant cockroaches
  4 goblins
  4 hobgoblins
  A kobold (D:2)
  4 quokkas
  9 ball pythons
  6 bats
  2 frilled lizards (D:1)
47 creatures vanquished.

Notes
Turn   | Place    | Note
-------+----------+-------------------------------------------
     0 | D:1      | qw the Gargoyle Cinder Acolyte began the quest for the Orb.
     0 | D:1      | Reached XP level 1. HP: 14/14 MP: 2/2
     0 | D:1      | 0 ||| qw: Version: 0.2-a-95-g4c1bab1
     0 | D:1      | 0 ||| qw: Game counter: 95
     0 | D:1      | 0 ||| qw: Always use a shield: true
     0 | D:1      | 0 ||| qw: God list: Okawaru
     0 | D:1      | 0 ||| qw: Allow faded altars: false
     0 | D:1      | 0 ||| qw: Do Orc after D:15 true
     0 | D:1      | 0 ||| qw: Do second Lair branch before Depths: true
     0 | D:1      | 0 ||| qw: Lair rune preference: random
     0 | D:1      | 0 ||| qw: Plans: Normal
     0 | D:1      | 0 ||| PLANNING D:1-11
   117 | D:1      | 117 ||| Stepping ~*~*~tactically~*~*~ (stealth).
   140 | D:1      | 140 ||| INVOKING Fiery Armour.
   143 | D:1      | Reached skill level 3 in Axes
   257 | D:1      | Reached XP level 2. HP: 16/19 MP: 3/3
   339 | D:1      | 339 ||| INVOKING Fiery Armour.
   473 | D:1      | 473 ||| Stepping ~*~*~tactically~*~*~ (stealth).
   806 | D:1      | 806 ||| UPGRADING to +0 leather armour.
   816 | D:1      | 816 ||| DROPPING +0 robe.
   817 | D:1      | 817 ||| UPGRADING to +0 ring mail.
   827 | D:1      | 827 ||| DROPPING +0 leather armour.
   828 | D:1      | 828 ||| READING 2 scrolls labelled WENAC WADE.
   833 | D:1      | 833 ||| READING 3 scrolls labelled SIOCIST CEQIKI.
   834 | D:1      | 834 ||| READING scroll labelled IDUZ VIAZIH.
   835 | D:1      | 835 ||| READING scroll labelled EME HEGGITIGY KAR.
   836 | D:1      | 836 ||| DRINKING 3 green potions.
   837 | D:1      | 837 ||| READING 2 scrolls of identify.
   837 | D:1      | 837 ||| IDENTIFYING fuming puce potion
   905 | D:2      | 905 ||| Stepping ~*~*~tactically~*~*~ (stealth).
   906 | D:2      | 906 ||| Stepping ~*~*~tactically~*~*~ (stealth).
   918 | D:2      | Reached XP level 3. HP: 20/23 MP: 4/4
   967 | D:2      | 967 ||| Stepping ~*~*~tactically~*~*~ (stealth).
   968 | D:2      | 968 ||| Stepping ~*~*~tactically~*~*~ (stealth).
   969 | D:2      | 969 ||| Stepping ~*~*~tactically~*~*~ (stealth).
   972 | D:2      | 972 ||| READING scroll labelled RAPNYMUTTA.
  1079 | D:2      | 1079 ||| Stepping ~*~*~tactically~*~*~ (stealth).
  1087 | D:2      | 1087 ||| Stepping ~*~*~tactically~*~*~ (stealth).
  1207 | D:2      | Identified the +0 hand axe of Experimentation {heavy, rPois
                  | rC++ Dex-2}
  1209 | D:2      | 1209 ||| SWAPPING to +0 hand axe of Experimentation {heavy,
                  | rPois rC++ Dex-2}.
  1258 | D:2      | Reached skill level 4 in Axes
  1830 | D:2      | 1830 ||| UPGRADING to +5 ring of evasion.
  1831 | D:2      | 1831 ||| READING scroll labelled NIHUVO QEYNT.
  1832 | D:2      | 1832 ||| READING scroll labelled IKUN OXZIA.
  1833 | D:2      | 1833 ||| READING scroll labelled EMITTI IXKAPI.
  1834 | D:2      | 1834 ||| READING scroll labelled BYACAN OTURANE.
  1835 | D:2      | 1835 ||| READING 2 scrolls of identify.
  1835 | D:2      | 1835 ||| IDENTIFYING inky potion
  2055 | D:3      | Reached skill level 1 in Armour
  2071 | D:3      | Found a snail-covered altar of Cheibriados.
  2072 | D:3      | 2072 ||| READING 2 scrolls of identify.
  2072 | D:3      | 2072 ||| IDENTIFYING grey potion
  2152 | D:3      | 2152 ||| Stepping ~*~*~tactically~*~*~ (stealth).
  2159 | D:3      | Found an iron altar of Okawaru.
  2355 | D:3      | Found Comi's General Store.
  2361 | D:3      | 2361 ||| SHOPLISTING +2 plate armour of willpower (520
                  | gold, have 233).
  2361 | D:3      | 2361 ||| BUYING 2 potions of curing (78 gold).
  2361 | D:3      | Bought 2 potions of curing for 78 gold pieces
  2361 | D:3      | 2361 ||| SHOPLISTING scroll of acquirement (676 gold, have
                  | 155).
  2361 | D:3      | 2361 ||| BUYING scroll of identify (26 gold).
  2361 | D:3      | Bought a scroll of identify for 26 gold pieces
  2363 | D:3      | 2363 ||| Stepping ~*~*~tactically~*~*~ (hiding).
  2381 | D:3      | Reached XP level 4. HP: 26/28 MP: 5/5
  2393 | D:3      | Identified the +4 morningstar of the Loving Gods {pain,
                  | Will+ Str+4 Int-5}
  2707 | D:3      | 2707 ||| READING scroll labelled CUMA LOYMI.
  2708 | D:3      | 2708 ||| DRINKING 2 coppery potions.
  2708 | D:3      | Gained mutation: You have sharp toenails. [potion of
                  | mutation]
  2796 | D:4      | Noticed an ogre
  2803 | D:4      | 2803 ||| INVOKING Fiery Armour.
  2803 | D:4      | Slain by an ogre

Levels and vault maps discovered:
D:1:      dpeg_arrival_ternary, layout_rooms, roderic_serpentine_path,
          nrook_mini_vaults
D:2:      layout_loops_ring, minmay_crystal_water, minmay_gold_behind_fungi
D:3:      layout_basic, mainiacjoe_overflow_tiny_flanked,
          kennysheep_slug_shrine, serial_shops, shop, grunt_ministairs_15
D:4:      layout_basic, uniq_blork_the_orc

Skill      XL: |  1  2  3 |
---------------+----------+-----
Axes           | 3 4 |  4.4
Armour         | 1 |  1.0
Fighting       | |  3.2
Spellcasting   | |  1.0
Fire Magic     | |  3.0

Action                     |  1- 3 |  4- 6 || total
---------------------------+-------+-------++-------
  Melee: Hand axe          |   124 |    12 ||   136
         Punch             |     1 |       ||     1
         Kick              |       |     1 ||     1
 Invoke: Fiery Armour      |     2 |     1 ||     3
    Use: Scroll            |    12 |     1 ||    13
         Potion            |     1 |     1 ||     2
 Armour: Robe              |    24 |       ||    24
         Ring mail         |    26 |     1 ||    27
  Dodge: Dodged            |    70 |     4 ||    74

Table legend:
 A = Non-vault XP
 B = Vault XP
 C = Vault XP percentage of total XP
 D = Non-vault monster count
 E = Vault monster count
 F = Vault count percentage of total count
                 A         B        C        D         E       F
            +---------+---------+-------+---------+---------+-------
      Total |      94 |      21 |  18.3 |      44 |       3 |   6.4
            +---------+---------+-------+---------+---------+-------
        D:1 |      31 |       0 |   0.0 |      19 |       0 |   0.0
        D:2 |      23 |       0 |   0.0 |      12 |       0 |   0.0
        D:3 |      19 |      21 |  52.5 |      10 |       3 |  23.1
        D:4 |      21 |       0 |   0.0 |       3 |       0 |   0.0
            +---------+---------+-------+---------+---------+-------
